[Event "Titled Tuesday Blitz May 23 Late 2023"]
[White "Nazari, Arad"]
[Black "Bluebaum, Matthias"]
[WhiteFideId "12577324"]
[BlackFideId "24651516"]
[WhiteElo "2175"]
[BlackElo "2639"]
[Result "0-1"]
[Round "03"]
[TimeControl "180+2"]
[Date "2023.05.23"]
[WhiteClock "0:00:01"]
[BlackClock "0:00:12"]

1. e4 e6 2. d4 d5 3. e5 c5 4. c3 Nc6 5. Nf3 Nge7 6. Be2 Nf5 7. O-O cxd4 8. cxd4 Qb6 9. Nc3 Nfxd4 10. Nxd4 Qxd4 11. Nb5 Qxe5 12. f4 Qb8 13. f5 a6 14. fxe6 Bxe6 15. Bf4 Ne5 16. Qd4 f6 17. Qb6 Ke7 18. Nc7 Qa7 19. Qxa7 Rxa7 20. Be3 b6 21. Bxb6 Rb7 22. Bc5+ Kd7 23. Nxe6 Kxe6 24. Bxa6 Bxc5+ 0-1


[Site "https://www.chess.com"]

[Event "Titled Tuesday Blitz May 23 Late 2023"]
[White "Grischuk, Alexander"]
[Black "Badmatsyrenov, Oleg"]
[WhiteFideId "4126025"]
[BlackFideId "24115762"]
[WhiteElo "2721"]
[BlackElo "2396"]
[Result "0-1"]
[Round "03"]
[TimeControl "180+2"]
[Date "2023.05.23"]
[WhiteClock "0:00:01"]
[BlackClock "0:00:06"]

1. Nf3 c5 2. g3 b6 3. Bg2 Bb7 4. O-O Nf6 5. d3 e6 6. e4 d6 7. Ng5 Qc7 8. f4 Nc6 9. Nc3 h6 10. Nh3 a6 11. f5 e5 12. Nd5 Nxd5 13. exd5 Ne7 14. c4 Ng8 15. Nf2 Nf6 16. Ne4 Be7 17. h4 b5 18. Be3 Nxe4 19. Bxe4 bxc4 20. dxc4 Bf6 21. Rf2 Rb8 22. Rh2 Qd8 23. Rc1 Bc8 24. Qe1 h5 25. Rf2 Kf8 26. b3 Bd7 27. Bd2 Qc7 28. Ba5 Qc8 29. Qd2 Bd8 30. Bxd8 Qxd8 31. f6 g6 32. Qg5 Rb7 33. Kh2 a5 34. Rcf1 Bg4 35. Bxg6 fxg6 36. Qxg6 Rf7 37. a3 Rg8 38. Qh6+ Ke8 39. Rb2 Qc8 40. Rff2 Bd1 41. b4 Qg4 42. Rg2 Bf3 43. bxc5 Bxg2 44. Rxg2 dxc5 45. Qe3 Qd4 46. Qe2 Rxf6 47. Qxh5+ Ke7 48. Qh7+ Kf8 49. Qd7 Rf7 50. Qd8+ Kg7 51. Qg5+ Kh8 52. Qh6+ Rh7 53. Qf6+ Rhg7 54. Qh6+ Rh7 55. Qf6+ Rgg7 56. d6 e4 57. Qf8+ Rg8 58. Qf4 e3 59. Qf3 Qxd6 60. Qxe3 Rxh4+ 61. Kg1 Rh7 62. Qc3+ Qd4+ 63. Qxd4+ cxd4 64. Kf2 Rc7 0-1


[Site "https://www.chess.com"]

[Event "Titled Tuesday Blitz May 23 Late 2023"]
[White "Hamitevici, Vladimir"]
[Black "Bortnyk, Olexandr"]
[WhiteFideId "13902393"]
[BlackFideId "14120828"]
[WhiteElo "2401"]
[BlackElo "2734"]
[Result "0-1"]
[Round "03"]
[TimeControl "180+2"]
[Date "2023.05.23"]
[WhiteClock "0:00:05"]
[BlackClock "0:00:54"]

1. b3 d5 2. Bb2 Bf5 3. g3 e6 4. Bg2 Nf6 5. Nf3 h6 6. O-O Be7 7. d3 O-O 8. Nbd2 Bh7 9. Qe1 a5 10. a3 c6 11. e4 Nbd7 12. Qe2 Qb6 13. Rab1 Qa6 14. Rfe1 dxe4 15. dxe4 Qxe2 16. Rxe2 Rfd8 17. h3 Nc5 18. Ne5 Rac8 19. Nec4 a4 20. Nb6 Rb8 21. b4 Ncd7 22. Nxa4 b5 23. Nc3 c5 24. Na2 cxb4 25. Nxb4 Rdc8 26. e5 Bxb4 27. axb4 Nd5 28. Bxd5 exd5 29. Nf3 Bxc2 30. Ra1 Be4 31. Ne1 Rc4 32. Ra7 Nf8 33. f3 Bg6 34. Ba3 Rc3 35. Kf2 Re8 36. g4 Ne6 37. Kg3 Nd4 38. Rd2 Nc6 39. Rxd5 Nxa7 0-1


[Site "https://www.chess.com"]

[Event "Titled Tuesday Blitz May 23 Late 2023"]
[White "Sarana, Alexey"]
[Black "Martinez Ramirez, Lennis"]
[WhiteFideId "24133795"]
[BlackFideId "3509079"]
[WhiteElo "2714"]
[BlackElo "2410"]
[Result "1-0"]
[Round "03"]
[TimeControl "180+2"]
[Date "2023.05.23"]
[WhiteClock "0:00:20"]
[BlackClock "0:00:06"]

1. d4 Nf6 2. c4 e6 3. Nc3 Bb4 4. e3 Bxc3+ 5. bxc3 O-O 6. Bd3 d6 7. e4 e5 8. Ne2 c5 9. d5 Re8 10. h3 Nbd7 11. g3 Nf8 12. a4 Qa5 13. Qb3 h6 14. f3 N6d7 15. Qb5 Qxb5 16. axb5 a5 17. bxa6 Rxa6 18. Rb1 Rb6 19. Rb5 Rxb5 20. cxb5 Nb6 21. c4 Bd7 22. Kd2 Ra8 23. Bb2 Ra2 24. Kc2 Na4 25. Kb3 Rxb2+ 26. Kxa4 Rd2 27. Nc1 Rf2 28. Ka5 Rxf3 29. Kb6 Rxg3 30. h4 Ng6 31. Kxb7 Nf4 32. Kc7 Bg4 33. b6 f5 34. b7 Nxd3 35. b8=Q+ Kh7 36. Nxd3 Rxd3 37. exf5 Bxf5 38. Kxd6 Rd4 39. Kxc5 Bg6 40. Qxe5 Rg4 41. h5 Bd3 42. Rc1 Rxc4+ 43. Rxc4 Bxc4 44. d6 g5 45. d7 g4 46. d8=Q Bf7 47. Qdh8# 1-0


[Site "https://www.chess.com"]

[Event "Titled Tuesday Blitz May 23 Late 2023"]
[White "Najer, Evgeniy"]
[Black "Hakobyan, Aram"]
[WhiteFideId "4118987"]
[BlackFideId "13306677"]
[WhiteElo "2545"]
[BlackElo "2584"]
[Result "1-0"]
[Round "03"]
[TimeControl "180+2"]
[Date "2023.05.23"]
[WhiteClock "0:01:08"]
[BlackClock "0:00:01"]

1. d4 g6 2. e4 Bg7 3. Nc3 c5 4. d5 d6 5. Bb5+ Nd7 6. a4 Nf6 7. Nf3 O-O 8. O-O Rb8 9. Re1 a6 10. Bf1 Ne8 11. Bf4 b6 12. Qd2 Nc7 13. e5 dxe5 14. Nxe5 Nxe5 15. Bxe5 Bb7 16. Bxg7 Kxg7 17. Rad1 Qd7 18. Qf4 Rfe8 19. d6 Ne6 20. Qe5+ Kg8 21. Bxa6 Bxa6 22. Nd5 Rbd8 23. dxe7 Rxe7 24. Nf6+ Kf8 25. Nxh7+ Ke8 26. Qh8+ 1-0


[Site "https://www.chess.com"]

[Event "Titled Tuesday Blitz May 23 Late 2023"]
[White "Bortnyk, Mykola"]
[Black "Goltsev, Dmitry"]
[WhiteFideId "14120836"]
[BlackFideId "24176710"]
[WhiteElo "2582"]
[BlackElo "2356"]
[Result "1-0"]
[Round "03"]
[TimeControl "180+2"]
[Date "2023.05.23"]
[WhiteClock "0:00:19"]
[BlackClock "0:00:04"]

1. e4 e6 2. Qe2 d5 3. exd5 Qxd5 4. Nc3 Qd8 5. b3 Nc6 6. Bb2 Nd4 7. Qd3 e5 8. Ne4 Bf5 9. Nf3 Nf6 10. Nxd4 Bxe4 11. Qb5+ Nd7 12. O-O-O c6 13. Qe2 Bg6 14. f4 Be7 15. fxe5 O-O 16. h4 h6 17. g4 Bxh4 18. e6 Nc5 19. Qe5 Qg5 20. Nf5 Bxf5 21. gxf5 b6 22. Rxh4 fxe6 23. Rh5 Qe7 24. Bc4 Rad8 25. Rg1 Rf7 26. Rxh6 Qd7 27. Rh2 Re7 1-0


[Site "https://www.chess.com"]

[Event "Titled Tuesday Blitz May 23 Late 2023"]
[White "Svane, Rasmus"]
[Black "Gritsenko, Nikolai"]
[WhiteFideId "4657101"]
[BlackFideId "14112493"]
[WhiteElo "2601"]
[BlackElo "2389"]
[Result "0-1"]
[Round "03"]
[TimeControl "180+2"]
[Date "2023.05.23"]
[WhiteClock "0:00:03"]
[BlackClock "0:00:06"]

1. Nf3 c5 2. c4 b6 3. g3 Bb7 4. Bg2 Nf6 5. O-O e6 6. Nc3 Be7 7. d4 cxd4 8. Qxd4 d6 9. Bg5 a6 10. Bxf6 Bxf6 11. Qf4 O-O 12. Rfd1 Be7 13. Ne4 Bxe4 14. Qxe4 Ra7 15. Nd4 Bf6 16. Rd2 Rc7 17. b3 b5 18. cxb5 axb5 19. Rad1 d5 20. Nxe6 Qe7 21. Rxd5 fxe6 22. Rxb5 Nd7 23. b4 Rfc8 24. Bh3 Nf8 25. a4 Rc4 26. Qb7 R8c7 27. Qa6 R7c6 28. Qa5 Rc1 29. Rxc1 Rxc1+ 30. Kg2 Qd7 31. Qa6 h5 32. Rxh5 Kf7 33. Rb5 Be7 34. Bg4 Qd1 35. Kf3 Qh1+ 36. Ke3 Rc3+ 37. Kd4 Qc1 38. Re5 Qd2+ 39. Ke4 Qc2+ 40. Kd4 Bf6 41. Bxe6+ Ke7 42. Qa7+ Rc7 43. Qb6 Bxe5+ 44. Kxe5 Qc3+ 45. Kf5 Qf6+ 46. Kg4 Nxe6 47. a5 g6 48. Kh3 Qf5+ 49. Kg2 Qe4+ 50. Kh3 Ng5# 0-1


[Site "https://www.chess.com"]

[Event "Titled Tuesday Blitz May 23 Late 2023"]
[White "Simonian, Hrair"]
[Black "Fridman, Daniel"]
[WhiteFideId "13302337"]
[BlackFideId "11600454"]
[WhiteElo "2447"]
[BlackElo "2525"]
[Result "1-0"]
[Round "03"]
[TimeControl "180+2"]
[Date "2023.05.23"]
[WhiteClock "0:00:20"]
[BlackClock "0:00:00"]

1. e4 c6 2. d4 d5 3. Nc3 dxe4 4. Nxe4 Nf6 5. Nxf6+ exf6 6. c3 Bd6 7. Bd3 O-O 8. Qc2 Re8+ 9. Ne2 h5 10. O-O h4 11. h3 Nd7 12. Bd2 Nf8 13. Rae1 Be6 14. c4 Qd7 15. f4 f5 16. Kh1 Rac8 17. Ng1 Ng6 18. Qc1 b5 19. b3 bxc4 20. bxc4 Be7 21. Nf3 Bf6 22. Bc3 Qd6 23. Ne5 Bd7 24. Qc2 Ne7 25. c5 Qc7 26. Bc4 Be6 27. Bxe6 fxe6 28. Nc4 Nd5 29. Nd6 Rcd8 30. Nxe8 Rxe8 31. Qd2 Kf7 32. Rb1 Rb8 33. Rxb8 Qxb8 34. Qb2 Qc7 35. Bd2 Kg6 36. Rb1 Nxf4 37. Qb7 Nd5 38. Qxc7 Nxc7 39. Rb7 Nd5 40. Rxa7 Bxd4 41. a4 e5 42. a5 e4 43. a6 e3 44. Be1 Bxc5 45. Rd7 Nb4 46. a7 Bxa7 47. Rxa7 Nc2 48. Bc3 f4 49. Kg1 Kf5 50. Rxg7 Ke4 51. Rd7 c5 52. Kf1 Nd4 53. Bxd4 cxd4 54. Ke2 Ke5 55. Kd3 f3 56. gxf3 Kf4 57. Rxd4+ Kxf3 58. Rxh4 1-0


[Site "https://www.chess.com"]

[Event "Titled Tuesday Blitz May 23 Late 2023"]
[White "Sjugirov, Sanan"]
[Black "carokannlover213"]
[WhiteFideId "4189302"]
[WhiteElo "2569"]
[BlackElo "2684"]
[Result "1-0"]
[Round "03"]
[TimeControl "180+2"]
[Date "2023.05.23"]
[WhiteClock "0:00:27"]
[BlackClock "0:00:00"]

1. d4 Nf6 2. c4 e6 3. e3 d5 4. Nc3 Be7 5. cxd5 exd5 6. Bd3 O-O 7. Nge2 c6 8. O-O Re8 9. Rb1 Nbd7 10. f3 c5 11. Kh1 cxd4 12. exd4 h6 13. g4 Nb6 14. Rg1 Be6 15. g5 hxg5 16. Bxg5 Ng4 17. Bxe7 Nf2+ 18. Kg2 Nxd1 19. Bxd8 Nxc3 20. Nxc3 Raxd8 21. Kf2 Kf8 22. h4 g6 23. Rg5 Ke7 24. h5 gxh5 25. Rxh5 Rh8 26. Rbh1 Rxh5 27. Rxh5 Kf6 28. f4 Rg8 29. a4 Rd8 30. Ke3 Rg8 31. Kf2 Rd8 32. a5 Na8 33. Kf3 Nc7 34. f5 Bd7 35. Kf4 Bc6 36. Rh6+ Ke7 37. a6 Rg8 38. b4 Rb8 39. b5 Be8 40. b6 axb6 41. Rxb6 Nxa6 42. Bxa6 Ra8 43. Nxd5+ Kf8 44. Bxb7 Ra4 45. Ke5 Ra5 46. Bc6 1-0


[Site "https://www.chess.com"]

[Event "Titled Tuesday Blitz May 23 Late 2023"]
[White "Zwirs, Nico"]
[Black "Makarian, Rudik"]
[WhiteFideId "1036432"]
[BlackFideId "44105681"]
[WhiteElo "2381"]
[BlackElo "2461"]
[Result "1/2-1/2"]
[Round "03"]
[TimeControl "180+2"]
[Date "2023.05.23"]
[WhiteClock "0:00:06"]
[BlackClock "0:00:03"]

1. e4 c5 2. Nf3 Nc6 3. d4 cxd4 4. Nxd4 e6 5. Nc3 a6 6. Be3 Nf6 7. a3 b5 8. Nxc6 dxc6 9. Qxd8+ Kxd8 10. O-O-O+ Kc7 11. f3 e5 12. a4 Be6 13. Be2 Nd7 14. f4 f6 15. f5 Bf7 16. g4 Bb4 17. h4 Nb6 18. Bxb6+ Kxb6 19. Rd7 Ra7 20. Rhd1 Rb8 21. Rxa7 Kxa7 22. axb5 axb5 23. g5 Be7 24. gxf6 Bxf6 25. Bxb5 Be8 26. Bc4 Bxh4 27. b3 Rd8 28. Rh1 Bg5+ 29. Kb2 h5 30. Rg1 Bf6 31. Na4 h4 32. Nc5 Rd2 33. Ne6 h3 34. Nxg7 Bd7 35. Nh5 Bh4 36. f6 Rf2 37. f7 h2 38. Rh1 Be7 39. Ng7 Bg4 40. Nf5 Bf8 41. Nh4 Bh5 42. Nf5 Bf3 43. Rxh2 Rxh2 44. Bd3 Rh7 45. Bc4 Bxe4 46. Ne3 Bg6 47. Ng4 Rg7 48. Nxe5 Bh5 49. Nd7 Be7 50. f8=Q Bxf8 51. Nxf8 Kb6 52. Ne6 Rh7 53. Nd4 Rh6 54. Bd3 Bf7 55. Kc3 Rh2 56. Nf3 Rh3 57. Ne5 Be6 58. Kd4 Bd5 59. Nc4+ Kc7 60. Ne3 Rh4+ 61. Kc3 Be6 62. Nf5 Rf4 63. Ne3 Kd6 64. Nc4+ Kc5 65. Ne3 Rf3 66. Nd1 Bf5 67. Nb2 Be6 68. Na4+ Kd6 69. Nb2 Ke5 70. Nc4+ Kd5 71. Nd2 Rg3 72. Ne4 Rg1 73. Nd2 Kd6 74. Ne4+ Kc7 75. Nd2 Bd5 76. Nc4 Bxc4 77. Kxc4 Kd6 78. Kc3 Rg3 79. Kd4 Rg4+ 80. Kc3 Rh4 81. Bc4 Kc5 82. Bd3 Rf4 83. Bg6 Rf3+ 84. Bd3 Rg3 85. b4+ Kb6 86. Kc4 Rg4+ 87. Kc3 Rh4 88. Kb3 Kc7 89. Kc3 Kd6 90. Kb3 Kd5 91. Kc3 Rf4 92. Kb3 Kd4 93. Bg6 Rf3+ 94. Bd3 Rf8 95. Bg6 Rg8 96. Bd3 Rb8 97. Be2 Rb7 98. c3+ Ke3 99. Bf1 Rg7 100. Bc4 Kd2 101. Be6 Rg3 102. Ka4 Kxc3 103. b5 c5 104. b6 Rg1 105. Kb5 c4 106. b7 Rb1+ 107. Kc6 Rb4 108. Kc7 Kd4 109. Bxc4 Rxc4+ 110. Kb8 Rb4 111. Ka8 Ra4+ 112. Kb8 Kd5 113. Kc7 Rc4+ 114. Kd7 Rb4 115. Kc7 Rc4+ 116. Kd7 Rh4 117. b8=Q Rh7+ 118. Kc8 Rh8+ 119. Kb7 Rxb8+ 120. Kxb8 1/2-1/2


[Site "https://www.chess.com"]

[Event "Titled Tuesday Blitz May 23 Late 2023"]
[White "Domingo Nunez, Ruben"]
[Black "Terry, Renato"]
[WhiteFideId "22245570"]
[BlackFideId "3803457"]
[WhiteElo "2404"]
[BlackElo "2575"]
[Result "1-0"]
[Round "03"]
[TimeControl "180+2"]
[Date "2023.05.23"]
[WhiteClock "0:00:11"]
[BlackClock "0:00:00"]

1. c4 e5 2. g3 Nf6 3. Bg2 c6 4. d4 Bb4+ 5. Bd2 Bxd2+ 6. Qxd2 d6 7. Nc3 O-O 8. dxe5 dxe5 9. Qc2 Be6 10. b3 Nbd7 11. Nf3 h6 12. O-O a5 13. Rfd1 Qc7 14. Rd2 Rfe8 15. Rad1 Nc5 16. Rd6 e4 17. Ne1 Bf5 18. Qc1 e3 19. f3 Qe7 20. Nc2 Bxc2 21. Qxc2 Rad8 22. Rxd8 Rxd8 23. f4 g6 24. Bf3 Rd6 25. Kg2 Ne8 26. Rxd6 Nxd6 27. Nd1 Nf5 28. Qc3 g5 29. fxg5 Qxg5 30. Kh3 b6 31. Qe5 Ne6 32. Bg4 Nfd4 33. Qxe3 Nc2 34. Qxg5+ Nxg5+ 35. Kg2 Nb4 36. Nc3 Kg7 37. h4 Nh7 38. Bd7 c5 39. Bf5 Nf6 40. Kf3 Kf8 41. Kf4 Ke7 42. Be4 Ke6 43. a3 Na6 44. Bf5+ Ke7 45. e4 Nc7 46. e5 Nh5+ 47. Ke4 Nxg3+ 48. Kf4 Nh5+ 49. Kg4 Ng7 50. Nd5+ Nxd5 51. cxd5 b5 52. d6+ Kd8 53. Bd3 a4 54. bxa4 c4 55. Bc2 bxa4 56. Bxa4 Ne8 57. Bxe8 Kxe8 58. Kf4 Kd7 59. Ke4 f6 60. exf6 Kxd6 61. Kd4 Ke6 62. a4 Kxf6 63. a5 c3 64. Kxc3 1-0


[Site "https://www.chess.com"]

[Event "Titled Tuesday Blitz May 23 Late 2023"]
[White "Kramnik, Vladimir"]
[Black "Camilla_Lee"]
[WhiteFideId "4101588"]
[WhiteElo "2703"]
[BlackElo "2678"]
[Result "1-0"]
[Round "03"]
[TimeControl "180+2"]
[Date "2023.05.23"]
[WhiteClock "0:00:50"]
[BlackClock "0:00:30"]

1. c4 b6 2. Nc3 e6 3. Nf3 Bb7 4. e4 d5 5. cxd5 exd5 6. exd5 Nf6 7. Bb5+ Nbd7 8. O-O Be7 9. Ne5 O-O 10. Nc6 Bxc6 11. Bxc6 Rb8 12. d4 h6 13. Re1 Bd6 14. Qf3 a6 15. a4 Re8 16. Bf4 Rxe1+ 17. Rxe1 Qf8 18. g3 Rd8 19. Kg2 Nb8 20. Bb7 Bxf4 21. Qxf4 Qd6 22. Qxd6 Rxd6 23. f4 Kf8 24. Kf3 Rd7 25. b4 Re7 26. Rc1 Ke8 27. a5 b5 28. g4 Kd7 29. g5 hxg5 30. fxg5 Ne8 31. Ne4 Nd6 32. Nc5+ Kd8 33. Bxa6 f6 34. Nb7+ Kd7 35. Nxd6 Kxd6 36. Bb7 fxg5 37. a6 Nxa6 38. Rc6+ Kxd5 39. Rxc7+ 1-0


[Site "https://www.chess.com"]

[Event "Titled Tuesday Blitz May 23 Late 2023"]
[White "Rasulov, Vugar"]
[Black "Godzwon, Iwo"]
[WhiteFideId "13402390"]
[BlackFideId "21802483"]
[WhiteElo "2509"]
[BlackElo "2284"]
[Result "1-0"]
[Round "03"]
[TimeControl "180+2"]
[Date "2023.05.23"]
[WhiteClock "0:00:27"]
[BlackClock "0:00:15"]

1. c4 e5 2. Nc3 Nf6 3. g3 Nc6 4. Bg2 Bc5 5. d3 O-O 6. Nf3 h6 7. O-O d6 8. Na4 Bb6 9. b3 Re8 10. Bb2 Bf5 11. e4 Bg4 12. Nxb6 axb6 13. h3 Bxf3 14. Bxf3 Nd7 15. a3 Nc5 16. b4 Ne6 17. Bg4 Ncd4 18. h4 Rf8 19. Kg2 Qe7 20. Bc1 f5 21. exf5 Nxf5 22. Ra2 Rf6 23. a4 Raf8 24. a5 bxa5 25. bxa5 Nc5 26. Bxf5 Rxf5 27. Be3 Qd7 28. d4 exd4 29. Qxd4 Qc6+ 30. Kg1 Nd7 31. Rb1 Kh7 32. f4 Nc5 33. Rg2 Re8 34. g4 Re4 35. gxf5 Rxd4 36. Bxd4 h5 37. Rxg7+ Kh6 38. Re1 Qf3 39. Rg6+ Kh7 40. Re7# 1-0


[Site "https://www.chess.com"]

[Event "Titled Tuesday Blitz May 23 Late 2023"]
[White "Babazada, Khazar"]
[Black "Haydon, David L"]
[WhiteFideId "13413554"]
[BlackFideId "415405"]
[WhiteElo "2351"]
[BlackElo "2326"]
[Result "1-0"]
[Round "03"]
[TimeControl "180+2"]
[Date "2023.05.23"]
[WhiteClock "0:01:05"]
[BlackClock "0:00:08"]

1. e4 c6 2. d4 d5 3. Nc3 dxe4 4. Nxe4 Nf6 5. Nxf6+ exf6 6. c3 Bd6 7. Bd3 O-O 8. Ne2 Re8 9. Qc2 g6 10. h4 Nd7 11. h5 f5 12. Bh6 Nf6 13. hxg6 fxg6 14. f3 Nd5 15. O-O-O Qf6 16. Qd2 f4 17. Rde1 Bf5 18. Bc4 b5 19. Bxd5+ cxd5 20. Bxf4 b4 21. g4 bxc3 22. Nxc3 Bd7 23. Bxd6 Qxd6 24. Qh6 Rxe1+ 25. Rxe1 Rf8 26. Re3 Rf4 27. Nxd5 Rf7 28. Qg5 Be6 29. Nc3 Bc4 30. d5 Kf8 31. Qh6+ Kg8 32. Re8+ Rf8 33. Rxf8+ Qxf8 34. Qe3 Qf6 35. b3 Bxd5 36. Nxd5 Qa1+ 37. Kc2 Qxa2+ 38. Kc3 Qa1+ 39. Kc4 Qa6+ 40. Kd4 Qb7 41. Qe8+ Kg7 42. Qe5+ Kf7 43. Qf6+ Ke8 44. Qh8+ Kd7 45. Qxh7+ Kc6 46. Qxb7+ Kxb7 47. f4 a5 48. f5 a4 49. bxa4 1-0


[Site "https://www.chess.com"]

[Event "Titled Tuesday Blitz May 23 Late 2023"]
[White "Djokic, Mihailo"]
[Black "Sanal, Vahap"]
[WhiteFideId "976440"]
[BlackFideId "6300545"]
[WhiteElo "2294"]
[BlackElo "2606"]
[Result "0-1"]
[Round "03"]
[TimeControl "180+2"]
[Date "2023.05.23"]
[WhiteClock "0:00:08"]
[BlackClock "0:00:52"]

1. e4 d6 2. d4 Nf6 3. Nc3 e5 4. Nf3 Nbd7 5. Bc4 Be7 6. O-O O-O 7. Re1 c6 8. a4 h6 9. Ba2 Re8 10. h3 exd4 11. Nxd4 Bf8 12. Bf4 Nc5 13. f3 Ne6 14. Be3 Nxd4 15. Qxd4 Be6 16. Bxe6 Rxe6 17. Rad1 Qa5 18. b4 Qc7 19. Qc4 a6 20. a5 Rae8 21. Bf4 Qc8 22. Bg3 d5 23. exd5 Rxe1+ 24. Rxe1 cxd5 25. Qxc8 Rxc8 26. Be5 Bxb4 27. Bxf6 gxf6 28. Nxd5 Bxe1 29. Ne7+ Kf8 30. Nxc8 Bb4 31. Kf1 Bc5 32. Ke2 Ke8 33. Kd3 Kd7 34. Kc4 Bf2 35. Nb6+ Bxb6 36. axb6 Kc6 37. g4 Kxb6 38. f4 a5 39. h4 Kc6 40. h5 b5+ 41. Kb3 Kd6 42. c4 bxc4+ 43. Kxc4 Ke7 44. Kb5 f5 45. g5 hxg5 46. fxg5 f4 0-1


[Site "https://www.chess.com"]

[Event "Titled Tuesday Blitz May 23 Late 2023"]
[White "Xiong, Jeffery"]
[Black "Chen, Justin"]
[WhiteFideId "2047640"]
[BlackFideId "2098199"]
[WhiteElo "2726"]
[BlackElo "2289"]
[Result "1-0"]
[Round "03"]
[TimeControl "180+2"]
[Date "2023.05.23"]
[WhiteClock "0:00:58"]
[BlackClock "0:00:00"]

1. d4 d5 2. Nf3 Nf6 3. Bf4 c5 4. e3 Nc6 5. Nbd2 cxd4 6. exd4 Bf5 7. Bb5 e6 8. Ne5 Qb6 9. Bxc6+ bxc6 10. Nb3 a5 11. a4 Bb4+ 12. c3 Be7 13. O-O O-O 14. Nd2 Rfc8 15. b3 c5 16. dxc5 Bxc5 17. c4 h6 18. h3 Rd8 19. Qe2 Ne4 20. cxd5 Nxd2 21. Bxd2 Rxd5 22. g4 Bh7 23. Bc3 Qxb3 24. Rfc1 Qb6 25. Ra2 Rad8 26. Nc4 Qa6 27. Bxa5 Rc8 28. Rd2 Rxd2 29. Bxd2 Bf8 30. a5 Bg6 31. Be3 Qb5 32. Qa2 Bc5 33. Nd6 Bxd6 34. Rxc8+ Kh7 35. a6 1-0


[Site "https://www.chess.com"]

[Event "Titled Tuesday Blitz May 23 Late 2023"]
[White "Ilkhomi, Jaloliddin"]
[Black "Durarbayli, Vasif"]
[WhiteFideId "14700948"]
[BlackFideId "13402935"]
[WhiteElo "2045"]
[BlackElo "2551"]
[Result "1/2-1/2"]
[Round "03"]
[TimeControl "180+2"]
[Date "2023.05.23"]
[WhiteClock "0:00:05"]
[BlackClock "0:00:09"]

1. Nf3 c5 2. c3 d5 3. d4 cxd4 4. cxd4 Nc6 5. Nc3 Nf6 6. Bf4 a6 7. Rc1 Qb6 8. Na4 Qa5+ 9. Bd2 Qd8 10. Bf4 Qa5+ 11. Bd2 Qd8 12. Bf4 e6 13. a3 Be7 14. e3 Qa5+ 15. Nc3 Bd7 16. Bd3 b5 17. O-O b4 18. axb4 Nxb4 19. Bb1 O-O 20. Ne5 Bb5 21. Nxb5 Qxb5 22. Bg5 Rac8 23. Qd2 a5 24. Rxc8 Rxc8 25. Rc1 Qb7 26. h3 h6 27. Bh4 a4 28. Bxf6 gxf6 29. Ng4 h5 30. Nh2 Rxc1+ 31. Qxc1 Nc6 32. Nf3 f5 33. Qc2 Qb5 34. Ne1 Nb4 35. Qd2 Kg7 36. Nf3 Nc6 37. Ne1 Bb4 38. Qd3 Qb6 39. Nf3 Bd6 40. Qd2 Na5 41. Qc2 Qb3 42. Nd2 Qxc2 43. Bxc2 a3 44. bxa3 Bxa3 45. Bd3 h4 46. Kf1 f4 47. exf4 Bc1 48. Nf3 Bxf4 49. Nxh4 Nb3 50. Nf3 Nd2+ 51. Nxd2 Bxd2 52. Ke2 Bc3 53. Ke3 Bb2 54. f3 Bc1+ 55. Ke2 f5 56. Bb5 f4 57. Bd7 Kf6 58. Kd3 Bb2 59. h4 Ba3 60. h5 Bb2 61. h6 e5 62. h7 Kg7 63. dxe5 Bxe5 64. Bf5 Bf6 65. Kc2 Bh4 66. Kd3 Bf2 67. Kc3 Kh8 68. Kb4 Kg7 69. Kb5 Kh8 70. Kc6 Bg3 71. Kxd5 Kg7 72. Ke6 Kh8 73. Be4 Kg7 74. Ke7 Kh8 75. Kf6 Bf2 76. Kg6 Bg3 77. Kg5 Kg7 78. Kg4 Kh8 79. Bd3 Kg7 80. Kh5 Kh8 81. Kg6 Bf2 82. Kf5 Bg3 83. Kg6 Bf2 84. Kf7 Bg3 85. Kg6 1/2-1/2


[Site "https://www.chess.com"]

[Event "Titled Tuesday Blitz May 23 Late 2023"]
[White "Vlassov, Nikolai"]
[Black "Drygalov, Sergey"]
[WhiteFideId "4103360"]
[BlackFideId "24171743"]
[WhiteElo "2324"]
[BlackElo "2533"]
[Result "0-1"]
[Round "03"]
[TimeControl "180+2"]
[Date "2023.05.23"]
[WhiteClock "0:00:18"]
[BlackClock "0:00:17"]

1. e4 c5 2. c3 d5 3. exd5 Qxd5 4. d4 Nf6 5. Nf3 Bg4 6. dxc5 Qxc5 7. h3 Bh5 8. Be3 Qc7 9. Na3 a6 10. Qa4+ Nc6 11. g4 Bg6 12. Bf4 Qa5 13. Qxa5 Nxa5 14. Ne5 Be4 15. f3 Bd5 16. c4 Be6 17. b4 Nc6 18. Nxc6 bxc6 19. Nc2 g6 20. O-O-O Bg7 21. Be5 O-O 22. Nd4 Bd7 23. Bg2 a5 24. b5 cxb5 25. cxb5 Rac8+ 26. Kb2 Rc5 27. Rhe1 Bxb5 28. Nb3 Rxe5 29. Rxe5 Nxg4 30. fxg4 Bxe5+ 31. Ka3 Bd6+ 32. Kb2 Rb8 33. Kc2 a4 34. Nd4 Rc8+ 35. Kb2 a3+ 36. Kb3 Bc4+ 37. Ka4 Bxa2 38. Nb5 Rc4+ 39. Ka5 Bb4+ 40. Kb6 Bb3 41. Rd8+ Kg7 42. Ra8 Bc5+ 43. Kb7 a2 44. Bc6 Rc1 45. Bd5 Bxd5+ 0-1


[Site "https://www.chess.com"]

[Event "Titled Tuesday Blitz May 23 Late 2023"]
[White "Baskakov, Egor"]
[Black "Javakhadze, Zurab"]
[WhiteFideId "24197866"]
[BlackFideId "13603647"]
[WhiteElo "2225"]
[BlackElo "2381"]
[Result "1-0"]
[Round "03"]
[TimeControl "180+2"]
[Date "2023.05.23"]
[WhiteClock "0:01:07"]
[BlackClock "0:00:20"]

1. e4 e5 2. Nc3 Nf6 3. g3 d5 4. exd5 Nxd5 5. Bg2 Nxc3 6. bxc3 Bc5 7. d3 O-O 8. Ne2 Nc6 9. O-O Bg4 10. h3 Be6 11. c4 Qd7 12. Kh2 Rab8 13. Rb1 Bb6 14. Be3 Nd4 15. Nxd4 Bxd4 16. Qd2 b6 17. f4 Bxe3 18. Qxe3 exf4 19. Qxf4 c5 20. h4 Qa4 21. Rf2 Qxa2 22. Re1 Qb2 23. Re5 a5 24. h5 h6 25. g4 Bxg4 26. Bd5 a4 27. Rg2 Be6 28. Qf6 Bg4 29. Rxg4 Qxc2+ 30. Bg2 1-0


[Site "https://www.chess.com"]

[Event "Titled Tuesday Blitz May 23 Late 2023"]
[White "Amburgy, Ryan"]
[Black "Bacrot, Etienne"]
[WhiteFideId "30924820"]
[BlackFideId "605506"]
[WhiteElo "2134"]
[BlackElo "2672"]
[Result "0-1"]
[Round "03"]
[TimeControl "180+2"]
[Date "2023.05.23"]
[WhiteClock "0:00:13"]
[BlackClock "0:00:08"]

1. d4 Nf6 2. c4 e6 3. Nf3 d5 4. Nc3 a6 5. cxd5 exd5 6. Qb3 c6 7. Bg5 Be7 8. e3 O-O 9. Bd3 Nbd7 10. O-O Ne4 11. Bf4 Ndf6 12. Qc2 Bf5 13. Ne5 Re8 14. h3 Bf8 15. f3 Nxc3 16. bxc3 Bxd3 17. Qxd3 c5 18. a4 Rc8 19. Rfb1 Qe7 20. Rb6 Nd7 21. Nxd7 Qxd7 22. a5 Re6 23. Rab1 Rxb6 24. Rxb6 Rc6 25. Qb1 Rxb6 26. Qxb6 cxd4 27. cxd4 h6 28. Bc7 Be7 29. Kf1 Qc6 30. Qxc6 bxc6 31. e4 Kf8 32. Ke2 Ke8 33. Kd3 Kd7 34. Bb6 dxe4+ 35. fxe4 Bb4 36. Kc4 Be1 37. d5 g6 38. dxc6+ Kxc6 39. Bd8 Bf2 40. Be7 Be3 41. Bd8 Bf4 42. Bb6 Be5 43. Bd8 Bd6 44. Bb6 Be7 45. Kd4 Bf6+ 46. Kc4 Be5 47. Bd8 Bd6 48. Bb6 h5 49. Bd8 Be5 50. Bb6 Bf4 51. Bd8 Be3 52. Be7 Ba7 53. Bd8 Bc5 54. Bc7 Bf2 55. Bd8 Be3 56. Be7 Bd2 57. Bd8 Kd6 58. Kd4 Be1 59. Kc4 Bf2 60. Bf6 Ke6 61. Bd8 Ke5 62. Kd3 Be1 63. Bc7+ Ke6 64. Kc4 Bf2 65. Kd3 Kd7 66. Be5 Be1 67. Bc3 Bf2 68. Kc4 Kc6 69. Bf6 Bc5 70. Bd8 Bd6 71. Bb6 Bf4 72. Bd8 Bd2 73. Kd4 Kd6 74. Bb6 Be1 75. Kc4 Ke5 76. Kd3 f5 77. exf5 Kxf5 78. Kc4 Ke4 79. Kc5 g5 80. Kc6 Kf4 81. Bc7+ Ke3 82. Kb7 Kf2 83. g4 h4 84. Kxa6 Kg2 85. Kb5 Bxa5 86. Kxa5 Kxh3 87. Kb4 Kxg4 88. Kc3 Kf3 89. Kd2 g4 90. Ke1 Kg2 91. Ke2 g3 0-1


[Site "https://www.chess.com"]

[Event "Titled Tuesday Blitz May 23 Late 2023"]
[White "Sychev, Klementy"]
[Black "Rosen, Eric"]
[WhiteFideId "4114060"]
[BlackFideId "2032562"]
[WhiteElo "2583"]
[BlackElo "2331"]
[Result "1-0"]
[Round "03"]
[TimeControl "180+2"]
[Date "2023.05.23"]
[WhiteClock "0:00:25"]
[BlackClock "0:00:00"]

1. e4 c5 2. Nf3 Nc6 3. d4 cxd4 4. Nxd4 g6 5. Nc3 Bg7 6. Be3 Nf6 7. Nxc6 bxc6 8. e5 Nd5 9. Nxd5 cxd5 10. Qxd5 Rb8 11. O-O-O Qc7 12. f4 O-O 13. Bd4 Bb7 14. Qc5 Qxc5 15. Bxc5 d6 16. exd6 Bxb2+ 17. Kxb2 Bxg2+ 18. Kc1 Bxh1 19. d7 Bc6 20. Bxe7 Rfd8 21. Bxd8 Rxd8 22. Rd6 Ba4 23. Ra6 Bxd7 24. Rxa7 Be6 25. c3 Kg7 26. a4 Rc8 27. Kc2 Kf6 28. a5 Kf5 29. Rxf7+ Bxf7 30. Bh3+ Kxf4 31. Bxc8 Bd5 32. a6 Be4+ 33. Kb3 g5 34. Bb7 g4 35. Bxe4 Kxe4 36. a7 Kf3 37. a8=Q+ Kf2 38. Qg8 h5 39. Qg5 Kg2 40. Qxh5 g3 41. hxg3 1-0


[Site "https://www.chess.com"]